 Dungeon Crawl Stone Soup version 0.29.0-15-g675c0067aa (webtiles) character file.

Game seed: 10993131153538356680

144 NotreDorf the Poker (level 5, -9/42 HPs)
             Began as a Merfolk Gladiator on Sept 11, 2022.
             Mangled by Sigmund
             ... wielding a +0 scythe of distortion
              (14 damage)
             ... on level 3 of the Dungeon.
             The game lasted 00:06:14 (2599 turns).

NotreDorf the Poker (Merfolk Gladiator)             Turns: 2599, Time: 00:06:15

Health: -9/42      AC:  7    Str: 14    XL:     5   Next: 27%
Magic:  4/4        EV: 15    Int:  7    God:
Gold:   109        SH:  0    Dex: 18    Spells: 4/4 levels left

rFire   . . .      SeeInvis .   a - +0 trident
rCold   . . .      Faith    .   (no shield)
rNeg    . . .      Spirit   .   b - +0 leather armour
rPois   .          Reflect  .   c - +0 helmet
rElec   .          Harm     .   (no cloak)
rCorr   .          Rampage  .   (no gloves)
Will    .....      Rnd*Tele +   l - +2 pair of boots
Stlth   ++........              (no amulet)
HPRegen 0.14/turn               (no ring)
MPRegen 0.09/turn               (no ring)

@: no status effects
A: (nimble swimmer 2), mertail, low MP 1, teleportitis 1, sturdy frame 1
a: no special abilities


You were on level 3 of the Dungeon.
You visited 1 branch of the dungeon, and saw 3 of its levels.

You collected 109 gold pieces.

Inventory:

Hand Weapons
 a - a +0 trident (weapon)
Armour
 b - a +0 leather armour (worn)
 c - a +0 helmet (worn)
 l - a +2 pair of boots (worn)
Jewellery
 n - a ring of protection from cold
Wands
 q - a wand of flame (11)
Scrolls
 f - 2 scrolls of teleportation {unknown}
 h - 7 scrolls of identify {unknown}
 i - a scroll of poison {unknown}
 j - a scroll of fear {unknown}
 k - a scroll of magic mapping {unknown}
 m - a scroll of blinking {unknown}
 o - a scroll of enchant armour {unknown}
 p - a scroll of amnesia {unknown}


   Skills:
 + Level 3.7 Fighting
 + Level 5.5 Polearms
 - Level 2.0 Throwing
 + Level 5.4 Dodging


You had 4 spell levels left.
You didn't know any spells.
Your spell library contained the following spells:

 Spells                   Type           Power      Damage    Failure   Level
 Sting                    Tmut/Pois      0%         1d3       43%         1
 Poisonous Vapours        Pois/Air       0%         N/A       58%         2
 Olgreb's Toxic Radiance  Pois           0%         N/A       99%         4


Dungeon Overview and Level Annotations

Branches:
Dungeon (3/15)

Altars:

Annotations:
D:3 Sigmund


Innate Abilities, Weirdness & Mutations

((You are very nimble when in or above water. (Stealth+, EV+, Speed+++)))
Your lower body shifts to a powerful aquatic tail in water.
Your magical capacity is low. (-10% MP)
You are occasionally teleported next to monsters.
Your movements are slightly less encumbered by armour. (ER -2)


Message History

Reach: a) +0 trident
Press: ? - help, Dir - move target, f/p - Sigmund
Aim: Sigmund, wielding a +0 scythe of distortion and wearing a +0 robe (heavily wounded, about 40% to evade your +0 trident)
You reach to attack!
You hit Sigmund but do no damage.
Sigmund is heavily wounded.
Sigmund gestures at you while chanting. The puff of flame hits you!
Reach: a) +0 trident
Press: ? - help, Dir - move target, f/p - Sigmund
Aim: Sigmund, wielding a +0 scythe of distortion and wearing a +0 robe (heavily wounded, about 40% to evade your +0 trident)
You reach to attack!
You hit Sigmund.
Sigmund is heavily wounded.
Sigmund misses you.
Reach: a) +0 trident
Press: ? - help, Dir - move target, f/p - Sigmund
Aim: Sigmund, wielding a +0 scythe of distortion and wearing a +0 robe (heavily wounded, about 40% to evade your +0 trident)
You reach to attack!
You closely miss Sigmund.
Sigmund is heavily wounded.
Sigmund hits you from afar with a +0 scythe of distortion.
Space warps around you.
Unknown command.
Unknown command.
Unknown command.
Level annotation: Sigmund Welcome back, NotreDorf the Merfolk Gladiator.
Press ? for a list of commands and other information.
Reach: a) +0 trident
Press: ? - help, Dir - move target, f - Sigmund
Aim: Sigmund, wielding a +0 scythe of distortion and wearing a +0 robe (heavily wounded, about 40% to evade your +0 trident)
You reach to attack!
You hit Sigmund.
Sigmund is severely wounded.
Reach: a) +0 trident
Press: ? - help, Dir - move target, f/p - Sigmund
Aim: Sigmund, wielding a +0 scythe of distortion and wearing a +0 robe (severely wounded, about 40% to evade your +0 trident)
You reach to attack!
You hit Sigmund.
Sigmund is almost dead.
Sigmund hits you from afar with a +0 scythe of distortion!
* * * LOW HITPOINT WARNING * * *
Space warps horribly around you!
You die...

#.#
#..........##..
#.#
#..##.####..#..
#.# #.....#
#.$..
#.###.#.###..
....
###.##.........
..
#.........###..
#...@.....###
#.............
#...@.....###.
#..<.........
#.........###
#.....#####
###...###
#...รทรท#
####<.# ####


You could see Sigmund.

Vanquished Creatures
  Natasha (thrice) (D:2)
  3 adders
  2 dart slugs
  4 ball pythons
  2 bats (D:3)
  5 endoplasms
  2 goblins
  4 hobgoblins
  3 jackals (D:3)
  2 quokkas (D:1)
  3 frilled lizards
  3 kobolds
  4 rats
40 creatures vanquished.

Vanquished Creatures (others)
  5 plants (D:2)
5 creatures vanquished.

Grand Total: 45 creatures vanquished

Notes
Turn   | Place    | Note
-------+----------+-------------------------------------------
     0 | D:1      | NotreDorf the Merfolk Gladiator began the quest for the
                  | Orb.
     0 | D:1      | Reached XP level 1. HP: 16/16 MP: 1/1
   238 | D:1      | Reached XP level 2. HP: 17/23 MP: 2/2
  1088 | D:2      | Noticed Natasha
  1092 | D:2      | Killed Natasha
  1093 | D:2      | Reached XP level 3. HP: 29/29 MP: 3/3
  1360 | D:2      | Reached XP level 4. HP: 32/35 MP: 4/4
  1430 | D:2      | Noticed Natasha
  1436 | D:2      | Killed Natasha
  1437 | D:2      | Reached skill level 5 in Polearms
  1437 | D:2      | Reached skill level 5 in Dodging
  1584 | D:2      | Noticed Natasha
  1591 | D:2      | Killed Natasha
  1942 | D:2      | Found a faded altar of an unknown god.
  2023 | D:2      | Reached XP level 5. HP: 38/41 MP: 5/5
  2393 | D:3      | Noticed Sigmund
  2429 | D:3      | Gained mutation: Your magical capacity is low. (-10% MP)
                  | [potion of mutation]
  2429 | D:3      | Gained mutation: You are occasionally teleported next to
                  | monsters. [potion of mutation]
  2429 | D:3      | Gained mutation: Your movements are slightly less
                  | encumbered by armour. (ER -2) [potion of mutation]
  2599 | D:3      | Mangled by Sigmund

Illustrated notes

Levels and vault maps discovered:
D:1:      grunt_arrival_lava_bath, layout_basic, chequers_serial_rivers_small_3
D:2:      layout_basic, chequers_ecumenical_altar_lobes, chequers_big_river,
          uniq_natasha
D:3:      layout_rooms, uniq_sigmund

Skill      XL: |  1  2  3  4 |
---------------+-------------+-----
Fighting       | 3 |  3.7
Polearms       | 5 |  5.5
Dodging        | 5 |  5.4
Throwing       | |  2.0

Action                   |  1- 3 |  4- 6 || total
-------------------------+-------+-------++-------
Melee: Trident           |    56 |    91 ||   147
       Punch             |     1 |     1 ||     2
Throw: Throwing net      |       |     3 ||     3
       Javelin           |       |     1 ||     1
  Use: Potion            |       |     2 ||     2
 Stab: Sleeping          |     2 |       ||     2
       Held in net/web   |       |     3 ||     3
Armor: Leather armour    |     9 |    30 ||    39
Dodge: Dodged            |    24 |    57 ||    81
